 Dungeon Crawl Stone Soup version 0.29-a0-993-g4a18f31a58 (webtiles) character file.

Game seed: 6842152411702429816

79 gelatine the Firebug (level 4, -1/45 HPs)
             Began as a Demonspawn Fire Elementalist on Aug 2, 2022.
             Slain by a gnoll
             ... wielding a +0 club
              (2 damage)
             ... on level 3 of the Dungeon.
             The game lasted 00:06:34 (1951 turns).

gelatine the Firebug (Demonspawn Fire Elementalist) Turns: 1951, Time: 00:06:35

Health: -1/45      AC: 22    Str:  8    XL:     4   Next: 16%
Magic:  4/8        EV:  2    Int: 18    God:
Gold:   68         SH:  0    Dex: 14    Spells: 6/9 levels left

rFire   . . .      SeeInvis .   c - +0 mace
rCold   . . .      Faith    .   (no shield)
rNeg    . . .      Spirit   .   (body armour currently unavailable)
rPois   +          Reflect  .   (helmet currently unavailable)
rElec   .          Harm     .   (cloak currently unavailable)
rCorr   .          Rampage  .   (gloves currently unavailable)
Will    .....      NoTele   +   (boots currently unavailable)
Stlth   +.........              (no amulet)
HPRegen 0.15/turn               (no ring)
MPRegen 0.11/turn               (no ring)

@: confused, tree-form (expiring)
A: stationary, stasis, torment immunity, boosted hp, (horns 1), (sharp scales 1)
a: no special abilities


You were on level 3 of the Dungeon.
You were a tree.
You visited 1 branch of the dungeon, and saw 3 of its levels.

You collected 68 gold pieces.

Inventory:

Hand Weapons
 c - a +0 mace (weapon)
Missiles
 f - a throwing net
Armour
 a - a +0 robe (melded)
Scrolls
 d - 2 scrolls of identify {unknown}
 g - 2 scrolls of poison {unknown}
 i - a scroll of enchant weapon {unknown}
 k - a scroll of blinking


   Skills:
 + Level 0.2 Fighting
 + Level 0.1 Maces & Flails
 + Level 2.0 Dodging
 + Level 1.9 Stealth
 + Level 3.0 Spellcasting
 + Level 1.3 Conjurations
 + Level 3.5 Fire Magic


You had 6 spell levels left.
You knew the following spells:

 Your Spells              Type           Power      Damage    Failure   Level
a - Foxfire               Conj/Fire      44%        2x1d6     6%          1
b - Scorch                Fire           30%        2d7       6%          2

Your spell library contained the following spells:

 Spells                   Type           Power      Damage    Failure   Level
 Summon Small Mammal      Summ           8%         N/A       16%         1
 Conjure Flame            Conj/Fire      11%        6-21      19%         3
 Inner Flame              Hex/Fire       9%         N/A       24%         3
 Call Canine Familiar     Summ           2%         N/A       43%         3
 Summon Guardian Golem    Hex/Summ       2%         N/A       43%         3
 Flame Wave               Conj/Fire      11%        2d6       52%         4


Dungeon Overview and Level Annotations

Branches:
Dungeon (3/15)

Altars:
Xom


Innate Abilities, Weirdness & Mutations

You are a tree.
Your roots penetrate the ground, keeping you stationary.
You cannot be teleported.
You are immune to unholy pain and torment.
Your maximum health is greatly increased.
Your equipment is partially melded.
((You have a pair of small horns on your head.))
((You are partially covered in razor-sharp scales. (AC +1, Slay +1)))


Message History

The puff of flame hits you but does no damage.
It was a potion of curing.
You feel better. The gnoll hits you but does no damage.
Something hits you but does no damage.
The orc priest hits you with a +0 dagger.
The gnoll hits you from afar with a +0 halberd.
* * * LOW HITPOINT WARNING * * *
It was a potion of flight.
Your roots keep you in place.
Your transformation is almost over.
You hear some strange, mumbled words.
A puff of flame appears from out of thin air!
The puff of flame hits you but does no damage.
The orc priest hits you but does no damage.
The gnoll hits you but does no damage.
The gnoll hits you from afar with a +0 halberd!
* * * LOW HITPOINT WARNING * * *
Magic courses through your body. Something hits you but does no damage.
The orc priest hits you but does no damage.
The gnoll hits you with a +0 whip.
* * * LOW HITPOINT WARNING * * *
The gnoll hits you but does no damage. x2
Casting: Scorch (safe; 6% risk of failure)
Confirm with . or Enter, or press ? or * to list all spells.
Flames lash the gnoll.
The gnoll is heavily wounded.
The gnoll's fire resistance burns away.
The gnoll completely misses you.
You hear some strange, mumbled words.
A magic dart appears from out of thin air!
The magic dart hits you but does no damage.
The orc priest hits you but does no damage.
The gnoll hits you but does no damage. The gnoll barely misses you.
Casting: Scorch (safe; 6% risk of failure)
Confirm with . or Enter, or press ? or * to list all spells.
Flames lash the gnoll.
The gnoll is moderately wounded.
The gnoll's fire resistance burns away.
You hear some strange, mumbled words.
You are confused.
The orc priest hits you but does no damage.
The gnoll hits you but does no damage. The gnoll hits you with a +0 club.
You die...

.............#
.............#
#.....<)...###
#.............
....###.######.
### #....#
#....#
#.##..g.#
#.....rg♣#
..#....o{#
##....gg
#....#..#
###..!...
##......
#.......
!.##...


You could see an orc priest, 4 gnolls and a rat.

Vanquished Creatures
  3 adders (D:2)
  2 dart slugs
  An orc (D:3)
  6 endoplasms
  A giant cockroach (D:1)
  2 goblins
  4 hobgoblins
  9 kobolds
  2 quokkas
  6 ball pythons
  4 bats
  4 frilled lizards (D:2)
  2 rats (D:1)
46 creatures vanquished.

Vanquished Creatures (others)
  59 foxfires
59 creatures vanquished.

Grand Total: 105 creatures vanquished

Notes
Turn   | Place    | Note
-------+----------+-------------------------------------------
     0 | D:1      | gelatine the Demonspawn Fire Elementalist began the quest
                  | for the Orb.
     0 | D:1      | Reached XP level 1. HP: 13/13 MP: 3/3
   247 | D:1      | Gained mutation: You are partially covered in razor-sharp
                  | scales. (AC +1, Slay +1) [demonic ancestry]
   247 | D:1      | Reached XP level 2. HP: 19/19 MP: 3/5
   626 | D:1      | Learned a level 2 spell: Scorch
  1108 | D:2      | Gained mutation: You have a pair of small horns on your
                  | head. [demonic ancestry]
  1108 | D:2      | Reached XP level 3. HP: 24/24 MP: 0/6
  1649 | D:2      | Found a shimmering altar of Xom.
  1711 | D:2      | Found a faded altar of an unknown god.
  1774 | D:2      | Reached XP level 4. HP: 30/30 MP: 5/8
  1949 | D:3      | HP: 1/45 [gnoll/+0 whip (2)]
  1951 | D:3      | Slain by a gnoll

Illustrated notes

Levels and vault maps discovered:
D:1:      dpeg_arrival_water_temple_mockup, layout_loops_ring
D:2:      layout_rooms, basic_altar, hellmonk_ecumenical_altar_run_dry
D:3:      layout_rooms, kennysheep_nub

Skill      XL: |  1  2  3 |
---------------+----------+-----
Fire Magic     | 3 |  3.5
Dodging        | 2 |  2.0
Spellcasting   | 3 |  3.0
Fighting       | |  0.2
Maces & Flails | |  0.1
Stealth        | |  1.9
Conjurations   | |  1.3

Action                   |  1- 3 |  4- 6 || total
-------------------------+-------+-------++-------
Melee: Mace              |    30 |     5 ||    35
       Headbutt          |     3 |       ||     3
 Cast: Foxfire           |    35 |       ||    35
       Scorch            |    20 |     9 ||    29
  Use: Scroll            |     2 |       ||     2
       Potion            |       |     4 ||     4
Armor: Robe              |     9 |       ||     9
       Skin              |       |    31 ||    31
Dodge: Dodged            |    38 |     2 ||    40

Table legend: (Time is in decaauts)
 A = Elapsed time spent in this place.
 B = Non-inter-level travel time spent in this place.
 C = Inter-level travel time spent in this place.
 D = Time resting spent in this place.
 E = Time spent auto-exploring this place.
 F = Levels seen in this place.
 G = Mean time per level.
                   A        B        C        D        E       F      G
               +--------+--------+--------+--------+--------+-----+--------+
         Total |   1963 |   1905 |     58 |      0 |   1516 |   3 |  654.3 |
       Dungeon |   1963 |   1905 |     58 |      0 |   1516 |   3 |  654.3 |
               +--------+--------+--------+--------+--------+-----+--------+

Top non-repeatable levels by time:
     D:1: 1024 daAuts
     D:2: 895 daAuts
     D:3: 43 daAuts
